 Dungeon Crawl Stone Soup version 0.31-a0-348-g810772c3d7 (webtiles) character file.

Game seed: 9828305794278009219

96 Bnni the Insei (level 4, -2/29 HPs)
             Began as an Octopode Shapeshifter on July 23, 2023.
             Slain by a gnoll
             ... wielding a +0 club
              (3 damage)
             ... on level 3 of the Dungeon.
             The game lasted 00:02:05 (1930 turns).

Bnni the Insei (Octopode Shapeshifter)              Turns: 1930, Time: 00:02:06

Health: -2/29      AC:  1    Str: 14    XL:     4   Next: 67%
Magic:  4/4        EV: 13    Int: 10    God:
Gold:   55         SH:  0    Dex: 14    Spells: 3/3 levels left

rFire   . .          .
                       - Unarmed
rCold   . . .        (no shield)
rNeg    . . .        (helmet currently unavailable)
rPois   .            (no amulet)
rElec   .            (no ring)
rCorr   .            (no ring)
SInv    .            (no ring)
Will    .....        (no ring)
Stlth   ++           (no ring)
HPRegen 0.24/turn    (no ring)
MPRegen 0.09/turn    (no ring)
                     (no ring)

%: no passive effects
@: beast-form
A: beast (slay +2), almost no armour, amphibious, 8 rings, camouflage 1,
gelatinous body 1, (nimble swimmer 1), tentacles
a: Begin Untransformation


You were on level 3 of the Dungeon.
You were a hulking beast.
You visited 1 branch of the dungeon, and saw 3 of its levels.

You collected 55 gold pieces.

Inventory:

Missiles
 k - 2 throwing nets
Talismans
 b - a beast talisman
Scrolls
 c - 2 scrolls of vulnerability {unknown}
 d - a scroll of poison {unknown}
 g - a scroll of immolation {unknown}
 h - a scroll of fear {unknown}
 i - a scroll of blinking {unknown}
Potions
 a - 2 potions of lignification
 e - a potion of enlightenment {unknown}
 f - a potion of brilliance {unknown}
 j - a potion of curing {unknown}


   Skills:
 + Level 2.1 Fighting
 - Level 2.0 Dodging
 * Level 4.0 Unarmed Combat
 * Level 3.7 Shapeshifting


You had 3 spell levels left.
You didn't know any spells.
Your spell library was empty.

Dungeon Overview and Level Annotations

Branches:
Dungeon (3/15)

Altars:


Innate Abilities, Weirdness & Mutations

You are a hulking beast.
Your limbs bulge with bestial killing power. (Slay +2)
You cannot wear most types of armour.
You are amphibious.
You can wear up to eight rings at the same time.
Your skin changes colour to match your surroundings (Stealth+).
Your rubbery body absorbs attacks. (AC +1, EV +1)
((You are camouflaged when in or above water. (Stealth+)))
You have tentacles for arms and can constrict up to eight enemies at once.


Message History

The gnoll shouts!
You bludgeon the gnoll! Your grab misses the gnoll.
The gnoll is heavily wounded.
You closely miss the gnoll. You grab the gnoll.
The gnoll is heavily wounded.
You constrict the gnoll, but do no damage.
A gnoll comes into view. It is wielding a +0 spear.
The gnoll barely misses you.
Press: ? - help, v - describe, . - travel
Here: a gnoll, wielding a +2 spear of venom The floor.
Unknown command.
You tentacle-slap the gnoll.
The gnoll is severely wounded.
You constrict the gnoll. The gnoll hits you with a +0 flail!
You tentacle-slap the gnoll.
You kill the gnoll!
Your Unarmed Combat skill increases to level 4!
You tentacle-slap the gnoll. Your grab misses the gnoll.
You squeeze the gnoll, but do no damage.
The gnoll is moderately wounded.
The gnoll hits you with a +0 club. The gnoll attacks as you move away!
The gnoll closely misses you.
You tentacle-slap the gnoll. You grab the gnoll.
The gnoll is heavily wounded.
You constrict the gnoll. The gnoll hits you with a +0 club!
You are too injured to fight recklessly!
You tentacle-slap the gnoll but do no damage.
The gnoll is severely wounded.
You constrict the gnoll, but do no damage.
The gnoll hits you with a +0 club!
* * * LOW HITPOINT WARNING * * *
The gnoll misses you.
You release your grip on the gnoll.
You tentacle-slap the gnoll but do no damage.
You grab the gnoll. You squeeze the gnoll.
The gnoll is almost dead.
You constrict the gnoll, but do no damage.
The gnoll hits you with a +0 club.
You die...

#.# #.# #.#
#.# #.# #.#
#.# #.#
##.#######h#
......gg.g.#
.#.#########


You could see 3 gnolls.

Vanquished Creatures
  4 gnolls
  2 adders (D:2)
  A dart slug (D:2)
  2 ball pythons (D:1)
  An endoplasm (D:2)
  2 giant cockroaches
  4 goblins
  3 hobgoblins
  7 jackals
  4 kobolds
  A quokka (D:2)
  2 bats (D:2)
  2 frilled lizards (D:2)
  A rat (D:2)
36 creatures vanquished.

Notes
Turn   | Place    | Note
-------+----------+-------------------------------------------
     0 | D:1      | Bnni the Octopode Shapeshifter began the quest for the Orb.
     0 | D:1      | Reached XP level 1. HP: 13/13 MP: 1/1
   213 | D:1      | Reached XP level 2. HP: 18/18 MP: 2/2
   947 | D:2      | Reached XP level 3. HP: 19/23 MP: 3/3
  1562 | D:2      | Reached XP level 4. HP: 26/29 MP: 4/4
  1924 | D:3      | Reached skill level 4 in Unarmed Combat
  1928 | D:3      | HP: 1/29 [gnoll/+0 club (9)]
  1930 | D:3      | Slain by a gnoll

Illustrated notes

Levels and vault maps discovered:
D:1:      wander_arrival_estate, layout_basic
D:2:      layout_basic, serial_glass, glass_columns_b, glass_columns_a,
          grunt_decor_cap
D:3:      layout_loops_ring, grunt_gozag_statues,
          nemelex_xobeh_ov_fountains_minmay,
          hellmonk_ecumenical_altar_watching_god,
          chequers_serial_rivers_micro_b, uniq_jessica, uniq_terence,
          uniq_crazy_yiuf_cottage, uniq_ijyb, uniq_sigmund

Skill      XL: |  1  2  3  4 |
---------------+-------------+-----
Fighting       | 2 |  2.1
Unarmed Combat | 4 |  4.0
Dodging        | |  2.0
Shapeshifting  | |  3.7

Action                     |  1- 3 |  4- 6 || total
---------------------------+-------+-------++-------
  Melee: Unarmed           |    58 |    17 ||    75
         Constrict         |    17 |     6 ||    23
         Tentacles         |     7 |     3 ||    10
         Punch             |       |     1 ||     1
   Stab: Sleeping          |     4 |       ||     4
 Armour: Skin              |     5 |       ||     5
  Dodge: Dodged            |    31 |     9 ||    40

Table legend: (Time is in decaauts)
 A = Elapsed time spent in this place.
 B = Non-inter-level travel time spent in this place.
 C = Inter-level travel time spent in this place.
 D = Time resting spent in this place.
 E = Time spent auto-exploring this place.
 F = Levels seen in this place.
 G = Mean time per level.
                   A        B        C        D        E       F      G
               +--------+--------+--------+--------+--------+-----+--------+
         Total |   1924 |   1890 |     34 |     67 |   1596 |   3 |  641.3 |
       Dungeon |   1924 |   1890 |     34 |     67 |   1596 |   3 |  641.3 |
               +--------+--------+--------+--------+--------+-----+--------+

Top non-repeatable levels by time:
     D:2: 1022 daAuts
     D:1: 873 daAuts
     D:3: 28 daAuts
